 Dungeon Crawl Stone Soup version 0.16.1-4-g8e1b745 (webtiles) character file.

60 inmateoo the Grave Robber (level 3, 0/25 HPs)
             Began as a Demonspawn Necromancer on Mar 26, 2015.
             Slain by a giant gecko (3 damage)
             ... on level 1 of the Dungeon.
             The game lasted 00:03:29 (2237 turns).

inmateoo the Grave Robber (Demonspawn Necromancer)  Turns: 2237, Time: 00:03:29

Health: 0/25       AC:  2    Str:  8    XL:     3   Next: 82%
Magic:  2/6        EV: 12    Int: 17    God:
Gold:   50         SH:  0    Dex: 13    Spells: 2 memorised, 2 levels left

rFire  + . .     SeeInvis .     o - +0 whip
rCold  . . .     Clarity  .     a - +0 robe
rNeg   . . .     SustAb   .     (no shield)
rPois  .         Gourm    .     (no helmet)
rElec  .         Spirit   .     (no cloak)
rCorr  .         Warding  .     (no gloves)
rMut   .         Stasis   .     (no boots)
MR     .....                    (no amulet)
Stlth  ++........               (no ring)
                                (no ring)

@: not resistant to hostile enchantments, unstealthy
A: demonic guardian 1, fire resistance 1
a: no special abilities


You were on level 1 of the Dungeon.
You were very hungry.

You visited 1 branch of the dungeon, and saw 2 of its levels.

You collected 50 gold pieces.

Inventory:

Hand weapons
 o - a +0 whip (weapon)
Missiles
 e - 5 stones (quivered)
Armour
 a - a +0 robe (worn)
Scrolls
 d - a scroll of magic mapping {unknown}
 h - 3 scrolls of identify {unknown}
 i - a scroll of enchant armour {unknown}
 l - a scroll of noise {unknown}
 m - a scroll of remove curse {unknown}
 p - 2 scrolls of recharging {unknown}
Potions
 g - a potion of curing {unknown}
 k - a potion of mutation {unknown}
 q - a potion of restore abilities {unknown}
Books
 b - a book of Necromancy

   Spells                             Type                      Level
   a - Pain                           Necromancy                   1
   b - Animate Skeleton               Necromancy                   1
   c - Vampiric Draining              Necromancy                   3
   d - Regeneration                   Charms/Necromancy            3
   e - Animate Dead                   Necromancy                   4
   f - Control Undead                 Necromancy                   4
Comestibles
 c - 2 bread rations
 f - a royal jelly
 j - a meat ration
 n - a slice of pizza
 r - a beef jerky
 s - a chunk of flesh


   Skills:
 + Level 0.4 Fighting
 + Level 0.1 Maces & Flails
 - Level 2.1 Dodging
 + Level 2.3 Stealth
 + Level 2.3 Spellcasting
 * Level 5.1 Necromancy


You had 2 spell levels left.
You knew the following spells:

 Your Spells              Type           Power        Failure   Level  Hunger
a - Pain                  Necr           ###.         2%          1    #......
b - Vampiric Draining     Necr           ###.......   10%         3    ###....


Dungeon Overview and Level Annotations

Branches:
Dungeon (2/15)

Altars:

Annotations:
D:2 1 exclusion


Innate Abilities, Weirdness & Mutations

A weak demonic guardian rushes to your aid.
Your flesh is heat resistant.


Message History

Aim: a jackal (severely wounded, chance 89%)
The jackal convulses in agony!
You kill the jackal!
The giant gecko bites you.
* * * LOW HITPOINT WARNING * * *
You are feeling very hungry.
The giant gecko bites you but does no damage.
You see here a whip.
The giant gecko closely misses you.
There is an open door here.
There is an escape hatch in the ceiling here.
The giant gecko barely misses you. A mysterious force pulls you upwards.
The hatch slams shut behind you. The giant gecko bites you.
* * * LOW HITPOINT WARNING * * *
Casting: Pain
Confirm with . or Enter, or press ? or * to list all spells.
Okay, then.
The giant gecko bites you.
You die...

#........# #..#
####........####..#
...#..............#
####..###........)# ####..#
#.........####### ..##..#
#..#####..#.....#
#..#..###..# #..#####.#
..##.......# #l.# #[#
...#.......# #@.# #.#
.###.......# #..#####.#### .#
#..##...# #..##.......# .#
#..##...#####..##.##.##.## .#
#..............##†##.....# .#
#..............##.##.....# .#
#..............##.##..(..#
.###################.##.....#
.#.## ##.......## #.#......#


You could see a giant gecko.

Vanquished Creatures
  A gnoll (D:1)
  An adder (D:2)
  A worm (D:2)
  2 giant geckos (D:1)
  2 giant cockroaches (D:1)
  3 goblins
  A hobgoblin (D:1)
  3 bats
  A giant newt (D:1)
  6 jackals
  6 kobolds
  7 rats
34 creatures vanquished.

Notes
Turn   | Place    | Note
--------------------------------------------------------------
     0 | D:1      | inmateoo, the Demonspawn Necromancer, began the quest for the Orb.
     0 | D:1      | Reached XP level 1. HP: 13/13 MP: 3/3
   474 | D:1      | Gained mutation: Your flesh is heat resistant. [demonic ancestry]
   474 | D:1      | Reached XP level 2. HP: 19/19 MP: 4/4
  1204 | D:1      | Gained mutation: A weak demonic guardian rushes to your aid. [demonic ancestry]
  1204 | D:1      | Reached XP level 3. HP: 7/24 MP: 0/6
  1643 | D:2      | Reached skill level 5 in Necromancy
  1685 | D:2      | Learned a level 3 spell: Vampiric Draining
  2237 | D:1      | Slain by a giant gecko

Action                   || total
-------------------------++-------
Melee: Club              ||    12
       Whip              ||    39
Throw: Stone             ||     2
 Cast: Pain              ||    43
       Vampiric Draining ||     3
 Stab: Sleeping          ||     1
  Eat: Chunk             ||     4
